AoeStats
← RogueAura950405

African Clearing

506173065Analyzed
4v4 RM · 19d ago on Sep 12, 2026· 114m 9s· 8 players
Game mode
Random Map
Map size
Large (8 player)
Population
200
Speed
Normal
Resources
Standard
Victory
Conquest
Starting age
Dark Age
Ending age
Imperial Age
RankedLock teamsTeams togetherTeam positionsShared explorationLock speedFull tech treeHidden civsTurbo modeCheats
Victory
Defeat
🇧🇷 Byzantines · Brazil
946
+16
🇨🇱 Mongols · Chile
901
+18
🇮🇹 Teutons · Italy
881
+18
🇮🇹 Romans · Italy
880
+18
🇹🇷 Italians · Türkiye
960
-19
🇨🇳 Gurjaras · China
955
-18
🇬🇧 Bengalis · United Kingdom
950
-18
🇷🇴 Goths · Romania
876
-15
albe.nuneza
4:46 Loom
14:22 Feudal Age
15:38 Double-Bit Axe
15:46 Gold Mining
15:41 Horse Collar
23:18 Wheelbarrow
22:51 Fishing Lines
28:10 Castle Age
26:56 Fletching
27:17 Forging
28:12 Padded Archer Armor
29:54 Stone Mining
30:40 Gold Shaft Mining
30:37 Fervor
32:10 Bow Saw
32:39 Bodkin Arrow
33:55 Stone Shaft Mining
34:13 Masonry
37:11 Hand Cart
小琰
15:34 Feudal Age
21:49 Castle Age
20:07 Double-Bit Axe
21:06 Horse Collar
23:15 Loom
24:28 Wheelbarrow
28:22 Pikeman
30:42 Bow Saw
31:24 Arson
31:39 Squires
31:25 Gambesons
31:35 Fishing Lines
35:57 Imperial Age
34:31 Bloodlines
35:12 Hand Cart
34:43 Town Watch
35:05 Gillnets
36:01 Masonry
35:59 Heavy Plow
36:59 Conscription
37:45 Chemistry
37:07 Ballistics
38:36 Two-Man Saw
38:58 Elite Teutonic Knight
39:51 Siege Engineers
39:09 Elite Skirmisher
40:28 Town Patrol
40:16 Crossbowman
42:06 Forging
41:56 Scale Mail Armor
42:01 Scale Barding Armor
41:47 Fletching
41:57 Padded Archer Armor
42:59 Halberdier
46:12 Iron Casting
45:52 Chain Mail Armor
45:58 Chain Barding Armor
45:33 Bodkin Arrow
48:06 Blast Furnace
48:25 Plate Mail Armor
48:15 Chain Barding Armor
50:37 Guard Tower
50:32 Arrowslits
52:13 Caravan
52:44 Coinage
52:24 Guilds
53:34 Onager
55:37 Bombard Tower
55:53 Keep
55:54 Siege Onager
59:34 Plate Barding Armor
59:16 Leather Archer Armor
59:16 Fortified Wall
78:36 Cavalier
79:38 Paladin
86:40 Ring Archer Armor
105:17 Hoardings
Biscoitoso
6:25 Loom
15:50 Feudal Age
16:20 Horse Collar
16:33 Man-at-Arms
28:24 Wheelbarrow
32:13 Castle Age
30:38 Forging
32:12 Gold Mining
32:41 Stone Mining
33:53 Double-Bit Axe
37:04 Gold Shaft Mining
37:11 Stone Shaft Mining
37:15 Greek Fire
37:20 Fletching
37:31 Scale Mail Armor
37:31 Padded Archer Armor
39:08 Heavy Plow
40:27 Pikeman
41:35 Squires
43:03 Bodkin Arrow
43:14 Scale Barding Armor
43:50 Bow Saw
43:52 Elite Skirmisher
45:04 Ballistics
45:52 Fervor
46:03 Sanctity
45:26 Treadmill Crane
50:15 Imperial Age
48:03 Hand Cart
48:49 Leather Archer Armor
49:22 Fortified Wall
49:33 Murder Holes
50:35 Iron Casting
50:16 Chain Mail Armor
50:15 Gambesons
51:33 Conscription
51:02 Arrowslits
54:06 Two-Man Saw
54:10 Chemistry
54:26 Caravan
54:37 Guilds
54:35 Bracer
55:06 Ring Archer Armor
55:20 Thumb Ring
55:06 Halberdier
57:54 Capped Ram
59:16 Plate Mail Armor
59:21 Bombard Tower
62:29 Crop Rotation
62:27 Chain Barding Armor
62:38 Ring Archer Armor
62:50 Coinage
63:39 Husbandry
65:41 Plate Barding Armor
65:00 Arson
79:03 Siege Ram
101:30 Hoardings
100:26 Light Cavalry
105:53 Elite Cataphract
108:56 Banking
109:01 Spies/Treason
BrunoMontalcino
14:23 Feudal Age
18:52 Castle Age
16:47 Horse Collar
17:08 Double-Bit Axe
19:03 Man-at-Arms
20:54 Scale Mail Armor
21:05 Forging
22:11 Wheelbarrow
27:16 Gold Mining
27:16 Stone Mining
29:06 Gold Shaft Mining
28:09 Long Swordsman
29:04 Squires
30:29 Hand Cart
30:33 Chain Mail Armor
32:52 Town Watch
34:04 Iron Casting
37:25 Imperial Age
35:02 Town Patrol
38:59 Heavy Scorpion
39:20 Capped Ram
40:58 Ballistas
40:19 Legionary
42:01 Blast Furnace
40:53 Fletching
44:04 Chemistry
43:24 Ballistics
43:10 Siege Engineers
43:16 Masonry
43:02 Murder Holes
42:50 Siege Ram
45:08 Comitatenses
45:21 Bow Saw
45:15 Heavy Plow
51:45 Elite Skirmisher
52:23 Bodkin Arrow
52:29 Padded Archer Armor
58:22 Leather Archer Armor
60:46 Ring Archer Armor
64:00 Architecture
63:41 Fortified Wall
66:25 Onager
67:43 Loom
68:39 Pikeman
74:07 Halberdier
107:06 Conscription
109:01 Spies/Treason
RogueAura950405
8:45 Loom
15:58 Feudal Age
20:44 Castle Age
18:52 Horse Collar
19:27 Double-Bit Axe
23:45 Wheelbarrow
23:16 Heavy Plow
23:31 Bow Saw
29:58 Scale Barding Armor
29:44 Fletching
30:52 Hand Cart
30:23 Town Watch
32:27 Town Patrol
32:57 Bodkin Arrow
33:02 Padded Archer Armor
34:47 Leather Archer Armor
34:53 Chain Barding Armor
35:46 Forging
36:48 Ballistics
41:02 Imperial Age
39:05 Devotion
39:07 Gold Mining
39:08 Stone Mining
40:07 Iron Casting
41:02 Elite Elephant Archer
42:16 Ring Archer Armor
41:47 Bracer
42:19 Husbandry
42:30 Bloodlines
43:31 Chemistry
42:50 Siege Elephant
44:32 Gold Shaft Mining
44:11 Paiks
44:28 Mahayana
45:48 Blast Furnace
45:20 Light Cavalry
45:51 Onager
51:30 Plate Barding Armor
50:53 Murder Holes
51:04 Siege Engineers
58:12 Scale Mail Armor
60:13 Conscription
65:33 Fortified Wall
74:53 Redemption
77:23 Crop Rotation
78:00 Two-Man Saw
78:25 Theocracy
78:15 Illumination
78:06 Block Printing
78:26 Chain Mail Armor
KNoS
H
6:46 Loom
17:49 Feudal Age
18:40 Stone Mining
19:17 Gold Mining
19:21 Double-Bit Axe
19:21 Horse Collar
24:10 Castle Age
31:13 Imperial Age
29:45 Bow Saw
32:10 Stone Shaft Mining
37:27 Fletching
37:38 Padded Archer Armor
45:58 Wheelbarrow
47:54 Two-Man Saw
55:14 Hand Cart
59:47 Thumb Ring
61:12 Chemistry
60:33 Ballistics
66:38 Bloodlines
66:29 Husbandry
65:49 Light Cavalry
66:49 Scale Barding Armor
66:54 Forging
67:51 Chain Barding Armor
69:02 Iron Casting
69:59 Plate Barding Armor
68:49 Hussar
72:37 Caravan
72:43 Caravan
74:19 Blast Furnace
79:19 Silk Road
79:13 Heavy Plow
85:27 Pirotechnia
86:58 Leather Archer Armor
87:54 Conscription
89:24 Ring Archer Armor
93:53 Elite Genoese Crossbowman
Tree new bee
15:01 Feudal Age
16:25 Double-Bit Axe
22:04 Castle Age
23:16 Bow Saw
23:34 Fletching
35:31 Bloodlines
39:00 Imperial Age
37:06 Wheelbarrow
38:48 Bodkin Arrow
38:40 Horse Collar
39:53 Bracer
41:16 Gold Mining
44:01 Conscription
43:52 Stone Mining
45:05 Chemistry
46:12 Hand Cart
45:43 Loom
46:40 Padded Archer Armor
46:53 Husbandry
47:35 Gold Shaft Mining
49:25 Leather Archer Armor
49:33 Ballistics
50:28 Stone Shaft Mining
50:16 Town Watch
50:55 Frontier Guards
52:41 Fervor
52:45 Elite Elephant Archer
53:45 Kshatriyas
54:30 Scale Barding Armor
55:43 Chain Barding Armor
55:07 Treadmill Crane
55:23 Murder Holes
56:41 Elite Shrivamsha Rider
59:27 Forging
61:06 Plate Barding Armor
61:14 Light Cavalry
63:46 Town Patrol
66:24 Caravan
68:04 Iron Casting
66:55 Hussar
72:28 Hoardings
82:50 Onager
85:04 Heavy Plow
86:52 Elite Skirmisher
Connection lost

Rejoining the realm…

Still unreachable

The connection could not be restored.

Session expired

The server has moved on; the page needs a fresh start.